 Dungeon Crawl Stone Soup version 0.29.0-5-ge4962eb29e (webtiles) character file.

Game seed: 6443235896116104699

38 xian the Covered (level 3, 0/30 HPs)
             Began as a Djinni Fighter on Aug 29, 2022.
             Slain by a goblin
             ... wielding a +0 dagger
             ... led by Robin
              (2 damage)
             ... on level 2 of the Dungeon.
             The game lasted 00:02:49 (1535 turns).

xian the Covered (Djinni Fighter)                   Turns: 1535, Time: 00:02:49

Health: 0/30       AC:  6    Str: 17    XL:     3   Next: 65%
Gold:   23         EV:  9    Int:  9    God:
                   SH:  4    Dex: 12

rFire   + + .      SeeInvis .   a - +0 long sword
rCold   x . .      Faith    .   c - +0 buckler
rNeg    . . .      Spirit   .   b - +0 scale mail
rPois   ∞          Reflect  .   (no helmet)
rElec   .          Harm     .   (no cloak)
rCorr   .          Rampage  .   (no gloves)
Will    +....                   (boots unavailable)
Stlth   ..........              (no amulet)
HPRegen 0.10/turn               k - ring of willpower
MPRegen 0.00/turn               (no ring)

@: flying
A: sickness immunity, fire resistance 2, cold vulnerability 1, float, innate
caster, HP casting, extra vitality 1
a: no special abilities


You were on level 2 of the Dungeon.
You visited 1 branch of the dungeon, and saw 2 of its levels.

You collected 23 gold pieces.

Inventory:

Hand Weapons
 a - a +0 long sword (weapon)
Armour
 b - a +0 scale mail (worn)
 c - a +0 buckler (worn)
Jewellery
 k - a ring of willpower (left hand)
Scrolls
 e - a scroll of fear {unknown}
 h - a scroll of teleportation {unknown}
Potions
 d - 2 potions of might
 f - a potion of invisibility {unknown}
 g - a potion of lignification {unknown}
 i - a potion of resistance {unknown}
 j - 2 potions of haste {unknown}
 l - a potion of attraction {unknown}


   Skills:
 + Level 3.3 Fighting
 + Level 2.3 Long Blades
 + Level 3.4 Armour
 + Level 0.4 Dodging
 + Level 3.2 Shields


You had one spell level left.
You knew the following spells:

 Your Spells              Type           Power      Damage    Failure   Level
a - Necrotise             Necr           0%         1d4       87%         1
Your spell library was empty.

Dungeon Overview and Level Annotations

Branches:
Dungeon (2/15)

Altars:


Innate Abilities, Weirdness & Mutations

You are immune to sickness and miasma.
You are immune to poison.
Your flesh is very heat resistant. (rF++)
You are vulnerable to cold. (rC-)
You float through the air rather than walking.
You learn spells naturally, not from books.
Your magical power is your life essence.
You have superior vitality. (+4 MHP)


Message History

Robin roars a battlecry!
The goblin goes into a battle-frenzy!
A goblin comes into view. It is wielding a +0 dagger.
The goblin barely misses you.
You barely miss the goblin.
The goblin is heavily wounded.
The goblin hits you with a +0 club. Robin hits you but does no damage.
You hit the goblin.
You kill the goblin!
Robin barely misses you. Robin hits you but does no damage.
Items here: )) ††.
You barely miss Robin. Robin throws the goblin at you!
The goblin barely misses you. You block Robin's attack.
The goblin hits you but does no damage.
You slash Robin!
Robin is severely wounded.
The goblin closely misses you.
Robin says, "A pitiful Djinni like you will never find the ORB!"
Robin barely misses you. The goblin hits you with a +0 dagger.
You hit Robin but do no damage.
Robin is severely wounded.
The hobgoblin hits you. The goblin barely misses you.
Robin throws the goblin at you! The goblin hits you with a +0 dagger.
You hit Robin.
Robin is almost dead.
The hobgoblin barely misses you. The goblin closely misses you.
Robin roars a battlecry!
The goblins go into a battle-frenzy!
The goblin hits you but does no damage. The goblin hits you with a +0 club.
The hobgoblin hits you. The goblin hits you with a +0 dagger.
* * * LOW HITPOINT WARNING * * *
Robin hits you with a +0 spear.
* * * LOW HITPOINT WARNING * * *
You slash Robin!
You kill Robin!
The goblin hits you with a +0 club.
* * * LOW HITPOINT WARNING * * *
The hobgoblin barely misses you. The goblin hits you with a +0 dagger.
You die...

....
##.g.......#
... #.........#
!. #..)<..### .
.#####..###.#
............##
.............##
..............#
...........)..#
..........g@.<#
#.........g.g##
##.#.......<.#
........###.#
..##..... ....
#. #..... ....#
#..........#
#.>.. .....#
#.. ...#


You could see a hobgoblin (strong) and 2 goblins.

Vanquished Creatures
  Robin (D:2)
  A dart slug (D:1)
  An endoplasm (D:1)
  10 goblins
  A hobgoblin (D:2)
  3 jackals (D:1)
  2 ball pythons (D:1)
  3 bats (D:1)
  10 frilled lizards (D:1)
  2 kobolds (D:1)
  A rat (D:1)
35 creatures vanquished.

Vanquished Creatures (others)
  A plant (D:1)
1 creature vanquished.

Grand Total: 36 creatures vanquished

Notes
Turn   | Place    | Note
-------+----------+-------------------------------------------
     0 | D:1      | xian the Djinni Fighter began the quest for the Orb.
     0 | D:1      | Reached XP level 1. HP: 20/20 MP: 0/0
   318 | D:1      | Reached XP level 2. HP: 24/25 MP: 0/0
   583 | D:1      | Reached XP level 3. HP: 30/30 MP: 0/0
   583 | D:1      | Learned a level 1 spell: Necrotise
  1322 | D:2      | Noticed Robin
  1535 | D:2      | Killed Robin
  1535 | D:2      | Slain by a goblin

Illustrated notes

Levels and vault maps discovered:
D:1:      kennysheep_arrival_seaside, layout_loops_corners, serial_forest,
          infiniplex_forest_end_2, infiniplex_forest_lined_2,
          infiniplex_forest_lined_2, infiniplex_forest_lined_1,
          infiniplex_forest_lined_3_way, infiniplex_forest_clump_tiny,
          infiniplex_forest_lined_room_2, infiniplex_forest_straight_4,
          minmay_lizard_pond
D:2:      layout_rooms, basic_altar, hellmonk_ecumenical_altar_blasted,
          serial_shops, shop, shop, nicolae_diamond_shop,
          nicolae_shop_hallway_stairs, shop, palyth_stone_intersect, uniq_robin

Skill      XL: |  1  2 |
---------------+-------+-----
Long Blades    | 2 |  2.3
Fighting       | |  3.3
Armour         | |  3.4
Dodging        | |  0.4
Shields        | |  3.2

Action                   || total
-------------------------++-------
Melee: Long sword        ||   124
Armor: Scale mail        ||    40
Dodge: Dodged            ||    46
Block: Buckler           ||    20
